Map: Cyber Forest LE

Players

Doodlelini

  • Race: Terran Terran
  • League: Silver
  • Spawn Location: 5:00

Mudkip - Winner!

  • Race: Zerg Zerg
  • Spawn Location: 11:00

VOD

Have the link to the VOD?

Description

Time

  • Played on: June 6, 2019, 2:07 a.m.
  • Length: 4:00
Show
View Real Time Build Order
Export as new Build Order

Doodlelini Terran 

Build Orders:  

Get SALT Encoding   

  12  0:09  Supply Depot  
  12  0:15  SCV  
  13  0:27  Refinery  
  13  0:37  Barracks  
  13  0:40  SCV  
  14  0:48  Refinery  
  14  0:53  SCV  
  15  1:05  SCV  
  16  1:15  Supply Depot  
  16  1:24  Orbital Command  
  16  2:01  Command Center  
  16  2:04  SCV  
  17  2:20  Factory  
  17  2:22  SCV  
  18  2:34  SCV  
  19  2:38  Barracks Tech Lab  
  19  2:46  SCV  
  20  2:58  Engineering Bay  
  20  3:05  Marine  
  21  3:13  Starport  
  21  3:15  Refinery  
  21  3:23  Marine  
  21  3:39  Refinery  
  21  3:41  Marine  
  22  3:46  Factory Tech Lab  
Show
View Real Time Build Order
Export as new Build Order

Mudkip Zerg - Winner!

Build Orders: Pool Only 

Get SALT Encoding   

  12  0:04  Drone  
  13  0:14  Overlord  
  13  0:22  Drone  
  13  0:27  Overlord  
  14  0:38  Drone  
  15  0:43  Extractor  
  14  0:53  Spawning Pool  
  13  1:09  Drone  
  14  1:12  Drone  
  14  1:14  Overlord  
  15  1:24  Drone  
  16  1:44  Zergling x4  
  18  2:02  Evolution Chamber  
  17  2:10  Zergling x4  
  17  2:11  Evolution Chamber  
  17  2:12  Queen  
  20  2:18  Extractor, Drone  
  20  2:27  Metabolic Boost  
  20  2:33  Drone  
  21  2:38  Drone  
  22  2:48  Queen  
  24  3:16  Zergling x6  
Tags
 
League
Silver
Matchup
TvZ
Opening
Pool Only
Spawn Locations
Cross Positions
Add a new tag
Caveats
  • Supply blocks, unpowered buildings, or Contaminate may cause inaccurate times.
  • Supply counts are checked every 10 seconds.